 Dungeon Crawl Stone Soup version 0.15-a0-734-g2b8d6ef (webtiles) character file.

858 Infinimo the Geomancer (level 8, -3/41 HPs)
             Began as a Gargoyle Earth Elementalist on May 11, 2014.
             Killed from afar by an orc wizard (11 damage)
             ... with a puff of flame
             ... on Level 5 of the Dungeon.
             The game lasted 00:11:42 (6151 turns).

Infinimo the Geomancer (GrEE)                       Turns: 6151, Time: 00:11:42

HP  -3/41        AC  8     Str 13      XL: 8   Next:  2%
MP   0/19        EV 12     Int 17      God:
Gold 196         SH  0     Dex 10      Spells:  2 memorised, 12 levels left

rFire  . . .     SeeInvis .     e - -1,-2 short sword (curse)
rCold  . . .     Clarity  .     c - +0 robe
rNeg   + . .     Conserve .     (no shield)
rPois  +         rCorr    .     (no helmet)
rElec  +         rRot     +     (no cloak)
SustAb . .       Spirit   .     j - +0 pair of gloves
rMut   .         Warding  .     (no boots)
Gourm  .         Stasis   .     (no amulet)
MR     .....                    (no ring)
                                (no ring)

@: very slightly contaminated, not resistant to hostile enchantments, unstealthy
A: life protection 1, electricity resistance, unbreathing, petrification
resistance, AC +5
a: no special abilities


You were on level 5 of the Dungeon.
You were very hungry.

You visited 1 branch of the dungeon, and saw 5 of its levels.

You collected 196 gold pieces.

Inventory:

Hand weapons
 e - a cursed -1,-2 short sword (weapon)
 i - a +1,+2 dagger of venom
Missiles
 b - 47 stones (quivered)
Armour
 c - a +0 robe (worn)
 j - a +0 pair of gloves (worn)
Comestibles
 g - a meat ration
 k - 3 pears
 s - 4 bread rations
 w - a choko
Scrolls
 h - 2 scrolls of recharging
 q - a scroll of remove curse
 r - a scroll of amnesia
Jewellery
 m - an uncursed ring of fire
Potions
 a - 3 potions of curing
 f - a potion of might
 l - a potion of brilliance {unknown}
 o - 2 potions of heal wounds
 p - a potion of agility
Books
 d - a book of Geomancy

   Spells                             Type                      Level
   *Sandblast                         Earth                        1
   Stoneskin                          Transmutation/Earth          2
   Passwall                           Transmutation/Earth          3
   *Stone Arrow                       Conjuration/Earth            3
   Petrify                            Transmutation/Earth          4
   Lee's Rapid Deconstruction         Earth                        5


   Skills:
 - Level 1.5 Dodging
 - Level 2.1 Stealth
 + Level 4.8 Spellcasting
   Level 0.7 Transmutations
 * Level 9.4 Earth Magic


You had 12 spell levels left.
You knew the following spells:

 Your Spells              Type           Power        Failure   Level  Hunger
a - Sandblast             Erth           #####.       1%          1    None
b - Stone Arrow           Conj/Erth      ###...       10%         3    ###....


Dungeon Overview and Level Annotations

Branches:
Dungeon (5/15)
 Temple: D:4-7

Altars:
Elyvilon
Nemelex Xobeh
Zin

Shops:
D:2 *

Annotations:
D:4 Menkaure


Innate Abilities, Weirdness & Mutations

You are resistant to torment.
You are immune to poison.
You are immune to rotting.
Your stone body is very resilient (AC +5).
You resist negative energy.
You are resistant to electric shocks.
You can survive without breathing.
You are immune to petrification.


Message History

You hear some strange, mumbled words.
A puff of flame appears from out of thin air!
Casting: Stone Arrow
Confirm with . or Enter, or press ? or * to list all spells.
Aiming: Sandblast
Press: ? - help, Shift-Dir - straight line You hear some strange, mumbled words.
The magic dart hits you!
* * * LOW HITPOINT WARNING * * *
Something hits you.
* * * LOW HITPOINT WARNING * * *
Casting: Sandblast
Confirm with . or Enter, or press ? or * to list all spells.
Aiming: Sandblast
Press: ? - help, Shift-Dir - straight line The blast of sand hits something.
You hear some strange, mumbled words.
The puff of flame hits you!
Your scroll of enchant weapon II catches fire!
You die...

####### #############
#(....# #......)[@..#####
#.###.. #.###...###.....#
#.# ### #.!.# #)###.# #.#
#...# #.# #.# #.#
#............# #.####.#####
#............# #.....#....#
#............###.##.###....
#o[###...###.##......#.##.#
#.. #%..# #.##..####.#....


There were no monsters in sight!

Vanquished Creatures
  The ghost of Schadenfreude the Sneak, an average HaAs of Dithmenos (D:4)
  A phantom (D:4)
  An ogre (D:4)
  A scorpion (D:4)
  2 hounds (D:4)
  A crimson imp (D:5)
  3 worker ants
  2 iguanas (D:4)
  2 orc wizards
  Ijyb (D:2)
  7 adders
  A giant mite (D:3)
  2 worms
  3 giant geckos
  An ooze (D:2)
  4 orcs
  9 bats
  A bat skeleton (D:4)
  7 giant cockroaches
  9 goblins
  7 hobgoblins
  9 jackals
  14 kobolds
  A ball python (D:3)
  3 giant newts
  A quokka (D:2)
  8 rats
102 creatures vanquished.

Vanquished Creatures (others)
  2 bats (D:1)
2 creatures vanquished.

Grand Total: 104 creatures vanquished

Notes
Turn   | Place    | Note
--------------------------------------------------------------
     0 | D:1      | Infinimo, the Gargoyle Earth Elementalist, began the quest for the Orb.
     0 | D:1      | Reached XP level 1. HP: 10/10 MP: 3/3
   271 | D:1      | Reached skill level 4 in Earth Magic
   271 | D:1      | Reached XP level 2. HP: 12/15 MP: 1/4
   868 | D:1      | Reached XP level 3. HP: 19/19 MP: 1/6
  1382 | D:2      | Found a white marble altar of Elyvilon.
  1510 | D:2      | Noticed Ijyb
  1538 | D:2      | Killed Ijyb
  1538 | D:2      | Reached skill level 5 in Earth Magic
  1538 | D:2      | Reached XP level 4. HP: 15/24 MP: 1/8
  2675 | D:2      | Found Zin's Purification Station.
  2675 | D:2      | Found a glowing silver altar of Zin.
  3290 | D:3      | Reached XP level 5. HP: 25/28 MP: 10/10
  3340 | D:3      | Reached skill level 6 in Earth Magic
  3396 | D:3      | Learned a level 3 spell: Stone Arrow
  4228 | D:4      | Found a sparkling altar of Nemelex Xobeh.
  4241 | D:4      | Reached skill level 7 in Earth Magic
  4241 | D:4      | Reached XP level 6. HP: 28/32 MP: 5/13
  4392 | D:4      | Noticed an ogre
  4408 | D:4      | Killed an ogre
  4435 | D:4      | Reached skill level 8 in Earth Magic
  4435 | D:4      | Reached XP level 7. HP: 27/36 MP: 3/17
  4658 | D:4      | Noticed Schadenfreude's ghost (average HaAs)
  4744 | D:4      | Killed Schadenfreude's ghost
  4925 | D:4      | Reached skill level 9 in Earth Magic
  5242 | D:4      | Noticed Menkaure
  5815 | D:5      | Entered Level 5 of the Dungeon
  5992 | D:5      | Reached XP level 8. HP: 38/41 MP: 15/19
  6151 | D:5      | Killed from afar by an orc wizard

Action                   |  1- 3 |  4- 6 |  7- 9 || total
-------------------------+-------+-------+-------++-------
Melee: Dagger            |     9 |       |       ||     9
       Whip              |    11 |       |       ||    11
       Spear             |    21 |   160 |       ||   181
       Unarmed           |       |       |    18 ||    18
       Short sword       |       |       |     9 ||     9
 Cast: Sandblast         |    59 |   124 |   106 ||   289
       Stone Arrow       |       |       |     9 ||     9
  Use: Scroll            |     4 |     6 |     2 ||    12
       Potion            |       |       |     9 ||     9
 Stab: Sleeping          |       |     1 |       ||     1
